 Dungeon Crawl Stone Soup version 0.29-a0-270-g1586fc07ea (webtiles) character file.

Game seed: 15036007899544284762

18 spaghetti the Skirmisher (level 2, 0/35 HPs)
             Began as an Ogre Chaos Knight on Mar 7, 2022.
             Was a Plaything of Xom.
             Slain by an adder (1 damage)
             ... on level 2 of the Dungeon.
             The game lasted 00:00:58 (312 turns).

spaghetti the Skirmisher (Ogre Chaos Knight)         Turns: 312, Time: 00:00:59

Health: 0/35       AC:  5    Str: 15    XL:     2   Next: 66%
Magic:  2/2        EV:  9    Int: 13    God:    Xom [..*...]
Gold:   39         SH:  0    Dex:  8    Spells: 1/1 levels left

rFire   . . .      SeeInvis .   a - +0 mace (chaos) {mace}
rCold   . . .      Faith    .   (no shield)
rNeg    . . .      Spirit   .   b - +2 robe
rPois   .          Reflect  .   (helmet restricted)
rElec   .          Harm     .   (no cloak)
rCorr   .          Rampage  .   (gloves unavailable)
Will    .....                   (boots unavailable)
Stlth   +.........              d - amulet of regeneration {@e2}
HPRegen 0.91/turn               (no ring)
MPRegen 0.08/turn               (no ring)

@: lethally poisoned (0 -> -1)
A: large, unfitting armour, tough skin 1
a: Renounce Religion


You were on level 2 of the Dungeon.
You worshipped Xom.
You were a toy of Xom.
You visited 1 branch of the dungeon, and saw 2 of its levels.

You collected 39 gold pieces.


Innate Abilities, Weirdness & Mutations

You are too large for most types of armour.
You have tough skin. (AC +1)


   Skills:
 + Level 5.2 Fighting
 - Level 2.6 Maces & Flails
 - Level 2.1 Dodging


You had one spell level left.
You didn't know any spells.
Your spell library was empty.

Inventory:

Hand Weapons
 a - a +0 mace of chaos (weapon) {mace}
Missiles
 g - 2 stones {throwing}
Armour
 b - a +2 robe (worn)
Jewellery
 d - an amulet of regeneration (around neck) {@e2}
   (You found it on level 1 of the Dungeon)
 e - a ring of flight
   (You found it on level 1 of the Dungeon)
Scrolls
 f - 2 scrolls of blinking {unknown}
Miscellaneous
 c - a piece from Xom's chessboard (15/15) (quivered)

Dungeon Overview and Level Annotations

Branches:
Dungeon (2/15)

Altars:

#.##.....#
#.##.....#
###.##.....#
#..........#
#....#.##.....#
#...
#.##.....#####..#
#..
#)....†...<.....#
#.
##.†.###.#####.##
# #..{@# #..#
#.##.##.####.#
..........# .#
...........#.#
..............#
................
....<...........
...........?#)#
...............


There were no monsters in sight!


Message History

You take 4 damage, and now have 16/35 hp.
You sock the adder!
The adder flickers and vanishes!
Deactivating autopickup; reactivate with Ctrl-A.
You feel sick. The bat hits you.
* * * LOW HITPOINT WARNING * * *
The bat barely misses you.
The hobgoblin hits you but does no damage.
Something bites you but does no damage. The ball python bites you.
* * * LOW HITPOINT WARNING * * *
The bat hits you but does no damage. 😨 HP[-2]
You take 2 damage, and now have 14/35 hp.
You miss something.
You feel sick. The bat hits you but does no damage.
Something bites you but does no damage. The ball python barely misses you.
The hobgoblin hits you.
* * * LOW HITPOINT WARNING * * *
Something bites you but does no damage. The hobgoblin barely misses you.
The ball python barely misses you. 😨 HP[-1]
You take 1 damage, and now have 13/35 hp.
You closely miss the ball python.
You feel sick.
You are no longer poisoned.
The bat barely misses you. x2; Something bites you but does no damage.
The ball python misses you. The hobgoblin hits you.
* * * LOW HITPOINT WARNING * * *
Something bites you.
* * * LOW HITPOINT WARNING * * *
😱 HP[-5]
You take 5 damage, and now have 8/35 hp.
The bat hits you but does no damage.
The ball python bites you but does no damage. 😨 HP[+1]
The bat barely misses you. 😨 HP[+1]
You aren't carrying any potions.
You hit the hobgoblin but do no damage. The hobgoblin hits you.
* * * LOW HITPOINT WARNING * * *
You hit the hobgoblin. You freeze the hobgoblin.
You kill the hobgoblin!
The bat hits you but does no damage. The bat closely misses you. 😨 HP[+1]
You hit the bat.
The bat hits you but does no damage. 😨 HP[+1]
You completely miss something. The bat barely misses you.
Something bites you but does no damage. 😨 HP[+2]
You regained 2 hp, and now have 14/35 hp.
You hit the ball python.
You kill the ball python!
The bat hits you but does no damage. Something bites you but does no damage.
Something bites you.
* * * LOW HITPOINT WARNING * * *
😨 HP[-3]
You take 3 damage, and now have 11/35 hp.
You sock the bat!
You kill the bat!
Something bites you.
* * * LOW HITPOINT WARNING * * *
You swing at nothing.
Something bites you but does no damage. x2 😨 HP[+1]
You swing at nothing.
Something bites you.
* * * LOW HITPOINT WARNING * * *
Something bites you but does no damage. 😨 HP[-1]
You take 1 damage, and now have 11/35 hp.
You swing at nothing.
Something bites you but does no damage. 😨 HP[+1]
You swing at nothing.
Something bites you.
* * * LOW HITPOINT WARNING * * *
You are poisoned.
Something poisons you!
Something bites you but does no damage. 😨 HP[+1]
You swing at nothing.
You feel sick. Something bites you.
* * * LOW HITPOINT WARNING * * *
Something bites you but does no damage. 😨 HP[-3]
You take 3 damage, and now have 10/35 hp.
You swing at nothing.
You feel sick. Something bites you but does no damage.
You hit something. Your punch misses something.
You feel sick.
You are no longer poisoned.
Something bites you.
* * * LOW HITPOINT WARNING * * *
Something bites you.
* * * LOW HITPOINT WARNING * * *
😱 HP[-7]
You take 7 damage, and now have 3/35 hp.
You closely miss something. Something bites you.
* * * LOW HITPOINT WARNING * * *
Something bites you but does no damage.
You barely miss something. Something bites you.
* * * LOW HITPOINT WARNING * * *
😱 HP[-2]
You take 2 damage, and now have 1/35 hp.
You aren't carrying any potions.
You barely miss something. Something bites you.
* * * LOW HITPOINT WARNING * * *
You are lethally poisoned!
Something poisons you! Something bites you.
You die...
Xom yawns loudly!

Skill      XL: |  1  2 |
---------------+-------+-----
Fighting       | 5 |  5.2
Maces & Flails | |  2.6
Dodging        | |  2.1

Action                   || total
-------------------------++-------
Melee: Mace              ||    50
Armor: Robe              ||    55
Dodge: Dodged            ||    46

Levels and vault maps discovered:
D:1:      elethiomel_arrival_shortcut, layout_rooms, grunt_decor_junction,
          minmay_pentomino_z4
D:2:      layout_rooms

Notes
Turn   | Place    | Note
-------+----------+-------------------------------------------
     0 | D:1      | spaghetti the Ogre Chaos Knight began the quest for the
                  | Orb.
     0 | D:1      | Reached XP level 1. HP: 24/24 MP: 1/1
     0 | D:1      | magus.rc [v1.9.6]
     9 | D:1      | XOM: silly message
    18 | D:1      | XOM: potion effect (invisibility)
    42 | D:1      | Reached XP level 2. HP: 18/33 MP: 2/2
   130 | D:1      | XOM: divination: magic mapping
   267 | D:2      | Reached skill level 5 in Fighting
   294 | D:2      | HP: 8/35 [something (2)]
   309 | D:2      | HP: 6/35 [something (4)]
   311 | D:2      | HP: 1/35 [something (3)]
   312 | D:2      | Slain by an adder

Vanquished Creatures
  A dart slug (D:1)
  5 ball pythons
  3 bats
  A goblin (D:2)
  2 hobgoblins
  A kobold (D:1)
  A rat (D:2)
14 creatures vanquished.

Table legend:
 A = Non-vault XP
 B = Vault XP
 C = Vault XP percentage of total XP
 D = Non-vault monster count
 E = Vault monster count
 F = Vault count percentage of total count
                 A         B        C        D         E       F
            +---------+---------+-------+---------+---------+-------
      Total |      20 |       6 |  23.1 |      10 |       4 |  28.6
            +---------+---------+-------+---------+---------+-------
        D:1 |      11 |       6 |  35.3 |       5 |       4 |  44.4
        D:2 |       9 |       0 |   0.0 |       5 |       0 |   0.0
            +---------+---------+-------+---------+---------+-------

Illustrated notes

Table legend:
 A = Kills in this place as a percentage of kills in entire the game.
 B = Kills by you in this place as a percentage of kills by you in the entire game.
 C = Kills by friends in this place as a percentage of kills by friends in the entire game.
 D = Other kills in this place as a percentage of other kills in the entire game.
 E = Experience gained in this place as a percentage of experience gained in the entire game.
 F = Experience gained in this place divided by the number of levels of this place that you have seen.
                   A       B       C       D       E      F
               +-------+-------+-------+-------+-------+----------------------
         Total | 100.0 | 100.0 |   N/A |   N/A | 100.0 |  13.0
       Dungeon | 100.0 | 100.0 |   N/A |   N/A | 100.0 |  13.0
               +-------+-------+-------+-------+-------+----------------------

Table legend: (Time is in decaauts)
 A = Elapsed time spent in this place.
 B = Non-inter-level travel time spent in this place.
 C = Inter-level travel time spent in this place.
 D = Time resting spent in this place.
 E = Time spent auto-exploring this place.
 F = Levels seen in this place.
 G = Mean time per level.
                   A        B        C        D        E       F      G
               +--------+--------+--------+--------+--------+-----+--------+
         Total |    326 |    319 |      7 |      0 |    206 |   2 |  163.0 |
       Dungeon |    326 |    319 |      7 |      0 |    206 |   2 |  163.0 |
               +--------+--------+--------+--------+--------+-----+--------+

Top non-repeatable levels by time:
     D:1: 268 daAuts
     D:2: 58 daAuts
